 Dungeon Crawl Stone Soup version 0.31-a0-43-g46d131a48f (webtiles) character file.

Game seed: 12403658790309694098

612 ytrimaz the Ruffian (level 7, -8/61 HPs)
             Began as a Troll Transmuter on May 18, 2023.
             Was an Initiate of Ashenzari.
             Mangled by an orc priest
             ... wielding a +0 trident
              (9 damage)
             ... on level 5 of the Dungeon.
             The game lasted 00:04:13 (3127 turns).

ytrimaz the Ruffian (Troll Transmuter)              Turns: 3127, Time: 00:04:14

Health: -8/61      AC:  4    Str: 18 (19) XL:     7   Next: 20%
Magic:  7/7        EV: 10    Int: 10 (11) God:    Ashenzari [......]
Gold:   162        SH:  0    Dex:  9 (10) Spells: 7/8 levels left

rFire   . .          .
                       - Unarmed
rCold   . . .        (no shield)
rNeg    + . .        a - +0 robe
rPois   .            (helmet restricted)
rElec   .            (no cloak)
rCorr   .            (gloves unavailable)
SInv    .            (boots unavailable)
Will    .....        (no amulet)
Stlth   +            n - ring of the Unmoving One {rN+, Elem, Fort} (curse)
HPRegen 1.10/turn    (no ring)
MPRegen 0.10/turn

%: no passive effects
@: no status effects
A: large, unfitting armour, claws 3, regeneration 1, shaggy fur 1, tough skin 1
a: Renounce Religion, Shatter the Chains


You were on level 5 of the Dungeon.
You worshipped Ashenzari.
Ashenzari was noncommittal.
You visited 1 branch of the dungeon, and saw 5 of its levels.

You collected 162 gold pieces.


Innate Abilities, Weirdness & Mutations

You are too large for most types of armour.
You have claws for hands.
Your natural rate of healing is unusually fast.
You are covered in fur. (AC +1)
You have tough skin. (AC +1)


   Skills:
 - Level 0.7 Fighting
 + Level 3.9 Dodging
 * Level 7.1 Unarmed Combat
 - Level 1.2 Spellcasting
 - Level 1.3 Transmutations


You had 7 spell levels left.
You knew the following spells:

 Your Spells              Type           Power      Damage    Failure   Level
a - Beastly Appendage     Tmut           6%         N/A       19%         1

Your spell library contained the following spells:

 Spells                   Type           Power      Damage    Failure   Level
 Wereblood                Tmut           3%         N/A       28%         2
 Spider Form              Tmut/Pois      2%         N/A       58%         3
 Hailstorm                Conj/Ice       0%         3d3       71%         3
 Ice Form                 Ice/Tmut       2%         N/A       94%         4
 Simulacrum               Ice/Necr       0%         N/A       100%        6

Inventory:

Armour
 a - a +0 robe (worn)
Jewellery
 n - the cursed ring of the Unmoving One (left claw) {rN+, Elem, Fort}
   (You found it on level 1 of the Dungeon)

   [ring of positive energy]

   rN:        It protects you from negative energy.
   It has a curse which improves the following skills: Elements: Fire Magic, Ice
   Magic, Air Magic and Earth Magic.
   Fortitude: Armour and Shields.
Wands
 r - a wand of flame (11)
   (You took it off Natasha on level 3 of the Dungeon)
Scrolls
 c - a scroll of butterflies
 e - a scroll of blinking {unknown}
 f - a scroll of torment {unknown}
 g - a scroll of magic mapping {unknown}
 j - 7 scrolls of identify {unknown}
 k - 2 scrolls of immolation {unknown}
 l - 3 scrolls of poison {unknown}
 m - 4 scrolls of enchant weapon {unknown}
Potions
 i - 2 potions of curing
 p - 2 potions of flight

Dungeon Overview and Level Annotations

Branches:
Dungeon (5/15) Zot: 26881
 Temple: D:4-7

Altars:
Ashenzari
Sif Muna
Trog
Vehumet
Yredelemnul
The Shining One

Annotations:
D:3 1 runed translucent door, Crazy Yiuf

#.# #.# #. ########.#
#># #.#########........#
#.# ............########
#.#
.............#########.#
.............#.........#
.............#.#########
#...........#.#
###.o.oS@o#.#
####.#####.#.# #..o...#
#{#.# #......# #.#.#
#....S.###.#.#
...........).#.#
........$######.#
.........# #.#
.........# #.#


You could see a water moccasin and 3 orc priests.


Message History

You swing at nothing.
You feel sick.
The orc hits you with a +1 hand axe of venom.
You are more poisoned.
The orc priest hits you but does no damage. 😕 HP[-2]
You take 2 damage, and now have 80/91 hp.
You cannot move. (Use ctrl+direction or * direction to attack while stationary and confused.) Unknown command.
You cannot move. (Use ctrl+direction or * direction to attack while stationary and confused.)
You attack the rock wall.
You feel very sick. The orc hits you but does no damage.
The orc priest mumbles some strange prayers to Beogh against you.
Beogh smites you!
The orc priest hits you from afar with a +0 trident! 😮 HP[-22]
You take 22 damage, and now have 58/91 hp.
MASSIVE DAMAGE!! (PAUSE)
You cannot move. (Use ctrl+direction or * direction to attack while stationary and confused.)
You cannot move. (Use ctrl+direction or * direction to attack while stationary and confused.)
You hit the orc but do no damage.
You feel very sick. The orc hits you but does no damage.
The orc priest hits you but does no damage. 😮 HP[+1]
You attack the rock wall.
You feel less invigorated.
You feel less confused.
You feel very sick.
You smack the orc!
You kill the orc!
You feel sick.
The orc priest hits you but does no damage. 😮 HP[-1]
You take 1 damage, and now have 58/91 hp.
Unknown command.
It was a potion of cancellation.
Your magical effects are unravelling.
You feel magically purged.
You feel less wooden.
Your +0 robe unmelds from your body.
You feel sick.
The orc priest calls down the wrath of Beogh upon you.
Beogh smites you!
* * * LOW HITPOINT WARNING * * *
The orc priest hits you from afar with a +0 trident!
* * * LOW HITPOINT WARNING * * *
😨 HP[-36]
You now have 61 max hp (-30).
You take 36 damage, and now have 22/61 hp.
MASSIVE DAMAGE!! (PAUSE) It was a potion of degeneration.
There was something very wrong with that liquid.
You feel weakened.
You feel dopey.
You feel clumsy.
You feel sick.
The orc priest mumbles some strange prayers to Beogh against you.
Pain shoots through your body!
* * * LOW HITPOINT WARNING * * *
😨 HP[-6]
You take 6 damage, and now have 16/61 hp.
Unknown command.
You feel sick.
The orc wizard gestures wildly while chanting.
The orc wizard flickers and vanishes!
Deactivating autopickup; reactivate with Ctrl-A.
The orc priest calls down the wrath of Beogh upon you.
Beogh smites you!
* * * LOW HITPOINT WARNING * * *
Things that are here:
a +1 hand axe of venom; a +0 ring mail; 😱 HP[-13]
You take 13 damage, and now have 3/61 hp.
MASSIVE DAMAGE!! (PAUSE)
You feel sick.
Unknown command.
You feel sick. 😱 HP[+1]
You feel sick.
You feel sick.
You feel sick.
You are no longer poisoned. 😱 HP[+1] 😱 HP[+1] 😱 HP[+1] 😱 HP[+1] 😱 HP[+1] 😱 HP[+1]
You scratch the orc priest.
The orc priest hits you with a +0 flail.
* * * LOW HITPOINT WARNING * * *
The water moccasin misses you. 😱 HP[-1]
You take 1 damage, and now have 9/61 hp.
Unknown command.
You closely miss the orc priest. The water moccasin barely misses you.
The orc priest hits you with a +0 flail.
* * * LOW HITPOINT WARNING * * *
😱 HP[-2]
You take 2 damage, and now have 7/61 hp.
You barely miss the orc priest. The water moccasin bites you!
* * * LOW HITPOINT WARNING * * *
The orc priest hits you from afar with a +0 trident!
You die...

Skill      XL: |  1  2  3  4  5  6  7 |
---------------+----------------------+-----
Dodging        | 2 3 |  3.9
Unarmed Combat | 4 5 6 7 |  7.1
Fighting       | |  0.7
Spellcasting   | |  1.2
Transmutations | |  1.3

Action                     |  1- 3 |  4- 6 |  7- 9 || total
---------------------------+-------+-------+-------++-------
  Melee: Unarmed           |    92 |   144 |    23 ||   259
         Punch             |       |     6 |       ||     6
   Cast: Beastly Appendage |       |       |     1 ||     1
 Invoke: Curse Item        |       |       |     1 ||     1
    Use: Potion            |       |       |     6 ||     6
         Scroll            |       |       |     2 ||     2
 Armour: Robe              |    48 |    37 |     5 ||    90
         Skin              |       |       |    11 ||    11
  Dodge: Dodged            |    48 |    58 |    12 ||   118

Levels and vault maps discovered:
D:1:      enne_arrival_octagon_isle, layout_basic
D:2:      layout_loops_corners, basic_altar,
          hellmonk_ecumenical_altar_crossroads, uniq_terence
D:3:      layout_loops_ring, uniq_natasha, uniq_crazy_yiuf_cottage, uniq_sigmund
D:4:      layout_loops_ring, chequers_temple_overflow_minitemple,
          vehumet_crystals, st_stairs_9
D:5:      layout_basic, minmay_misc_feat_secret_circle, uniq_duvessa

Notes
Turn   | Place    | Note
-------+----------+-------------------------------------------
     0 | D:1      | ytrimaz the Troll Transmuter began the quest for the Orb.
     0 | D:1      | Reached XP level 1. HP: 18/18 MP: 1/1
     0 | D:1      | magus.rc [v1.9.6]
   101 | D:1      | Reached XP level 2. HP: 26/26 MP: 2/2
   429 | D:1      | Reached skill level 2 in Dodging
   585 | D:1      | Reached XP level 3. HP: 32/32 MP: 3/3
   868 | D:2      | Found a faded altar of an unknown god.
   913 | D:2      | Reached skill level 4 in Unarmed Combat
   930 | D:2      | Identified the +6 plate armour of Beogh's Envy {rC+ SInv}
  1131 | D:2      | Found a glowing golden altar of the Shining One.
  1135 | D:2      | Noticed Terence
  1145 | D:2      | Killed Terence
  1146 | D:2      | Reached XP level 4. HP: 30/40 MP: 4/4
  1457 | D:2      | Identified the +2 whip of Summer {drain, rF- Str+5 Stlth+}
  1590 | D:3      | Noticed Natasha
  1604 | D:3      | Killed Natasha
  1770 | D:3      | Noticed Sigmund
  1780 | D:3      | Killed Sigmund
  1781 | D:3      | Reached skill level 3 in Dodging
  1781 | D:3      | Reached skill level 5 in Unarmed Combat
  1781 | D:3      | Reached XP level 5. HP: 36/46 MP: 5/5
  1781 | D:3      | Reached XP level 6. HP: 42/54 MP: 6/6
  2036 | D:3      | Noticed Natasha
  2039 | D:3      | Killed Natasha
  2040 | D:3      | Reached skill level 6 in Unarmed Combat
  2195 | D:3      | Noticed Natasha
  2207 | D:3      | Killed Natasha
  2243 | D:3      | Found a runed translucent door.
  2244 | D:3      | Noticed Crazy Yiuf
  2276 | D:4      | Found a radiant altar of Vehumet.
  2372 | D:4      | You pick up a book of the Tundra and begin reading...
  2372 | D:4      | You add the spells Hailstorm and Simulacrum to your
                  | library.
  2375 | D:4      | Found a basalt altar of Yredelemnul.
  2375 | D:4      | Found a broken altar of Ashenzari.
  2383 | D:4      | Found a bloodstained altar of Trog.
  2385 | D:4      | Found a shimmering blue altar of Sif Muna.
  2387 | D:4      | Found a faded altar of an unknown god.
  2406 | D:4      | Became a worshipper of Ashenzari the Shackled
  2623 | D:4      | Reached XP level 7. HP: 61/61 MP: 7/7
  2913 | D:4      | Reached skill level 7 in Unarmed Combat
  3010 | D:5      | Entered Level 5 of the Dungeon
  3113 | D:5      | HP: 3/61 [orc priest/divine providence (13)]
  3118 | D:5      | HP: 4/61 [poisoned by an orc]
  3125 | D:5      | HP: 9/61 [orc priest/+0 flail (2)]
  3127 | D:5      | HP: 1/61 [water moccasin (7)]
  3127 | D:5      | Mangled by an orc priest

Vanquished Creatures
  Sigmund (D:3)
  2 hounds (D:4)
  A gnoll bouda (D:4)
  A sleepcap (D:5)
  3 iguanas (D:4)
  Natasha (thrice) (D:3)
  2 orc wizards (D:4)
  Terence (D:2)
  3 adders
  A worm (D:4)
  3 dart slugs
  6 orcs
  8 bats
  7 endoplasms
  3 giant cockroaches
  7 goblins
  2 hobgoblins (D:4)
  4 quokkas
  8 ball pythons
  2 frilled lizards
  6 kobolds
  6 rats
80 creatures vanquished.

Table legend:
 A = Non-vault XP
 B = Vault XP
 C = Vault XP percentage of total XP
 D = Non-vault monster count
 E = Vault monster count
 F = Vault count percentage of total count
                 A         B        C        D         E       F
            +---------+---------+-------+---------+---------+-------
      Total |     533 |     342 |  39.1 |      75 |       5 |   6.2
            +---------+---------+-------+---------+---------+-------
        D:1 |      42 |       0 |   0.0 |      25 |       0 |   0.0
        D:2 |      34 |      32 |  48.5 |       8 |       1 |  11.1
        D:3 |      99 |     266 |  72.9 |      16 |       2 |  11.1
        D:4 |     311 |      44 |  12.4 |      23 |       2 |   8.0
        D:5 |      47 |       0 |   0.0 |       3 |       0 |   0.0
            +---------+---------+-------+---------+---------+-------

Skill      XL: |  1  2  3  4  5  6  7 |
---------------+----------------------+-----
Dodging        | 2 3 |  3.9
Unarmed Combat | 4 5 6 7 |  7.1
Fighting       | |  0.7
Spellcasting   | |  1.2
Transmutations | |  1.3

Action                     |  1- 3 |  4- 6 |  7- 9 || total
---------------------------+-------+-------+-------++-------
  Melee: Unarmed           |    92 |   144 |    23 ||   259
         Punch             |       |     6 |       ||     6
   Cast: Beastly Appendage |       |       |     1 ||     1
 Invoke: Curse Item        |       |       |     1 ||     1
    Use: Potion            |       |       |     6 ||     6
         Scroll            |       |       |     2 ||     2
 Armour: Robe              |    48 |    37 |     5 ||    90
         Skin              |       |       |    11 ||    11
  Dodge: Dodged            |    48 |    58 |    12 ||   118

Illustrated notes

Table legend:
 A = Kills in this place as a percentage of kills in the entire game.
 B = Kills by you in this place as a percentage of kills by you in the entire game.
 C = Kills by friends in this place as a percentage of kills by friends in the entire game.
 D = Other kills in this place as a percentage of other kills in the entire game.
 E = Experience gained in this place as a percentage of experience gained in the entire game.
 F = Experience gained in this place divided by the number of levels of this place that you have seen.
                   A       B       C       D       E      F
               +-------+-------+-------+-------+-------+----------------------
         Total | 100.0 | 100.0 |   N/A |   N/A | 100.0 | 175.0
       Dungeon | 100.0 | 100.0 |   N/A |   N/A | 100.0 | 175.0
               +-------+-------+-------+-------+-------+----------------------

Table legend: (Time is in decaauts)
 A = Elapsed time spent in this place.
 B = Non-inter-level travel time spent in this place.
 C = Inter-level travel time spent in this place.
 D = Time resting spent in this place.
 E = Time spent auto-exploring this place.
 F = Levels seen in this place.
 G = Mean time per level.
                   A        B        C        D        E       F      G
               +--------+--------+--------+--------+--------+-----+--------+
         Total |   3117 |   3039 |     78 |      0 |   2414 |   5 |  623.4 |
       Dungeon |   3117 |   3039 |     78 |      0 |   2414 |   5 |  623.4 |
               +--------+--------+--------+--------+--------+-----+--------+

Top non-repeatable levels by time:
     D:2: 869 daAuts
     D:3: 733 daAuts
     D:4: 731 daAuts
     D:1: 667 daAuts
     D:5: 115 daAuts
